 Dungeon Crawl Stone Soup version 0.25.1-2-g60ff931df9 (webtiles) character file.

Game seed: 8975633682806458156

184 Ijustatesigmund the Chopper (level 5, 0/37 HPs)
             Began as an Octopode Fighter on Sept 7, 2020.
             Hit by a boomerang thrown by an orc warrior (20 damage)
             ... on level 3 of the Dungeon.
             The game lasted 00:04:09 (2933 turns).

Ijustatesigmund the Chopper (Octopode Fighter)      Turns: 2933, Time: 00:04:10

Health: 0/37       AC:  1    Str: 13    XL:     5   Next: 64%
Magic:  5/5        EV: 12    Int:  8    God:
Gold:   127        SH:  8    Dex: 13    Spells: 4/4 levels left

rFire    . . .     SeeInvis .   a - +0 war axe
rCold    . . .     Gourm    .   b - +0 kite shield
rNeg     . . .     Faith    .   (helmet restricted)
rPois    .         Spirit   .   (no amulet)
rElec    .         Reflect  .   (no ring)
rCorr    .         Harm     .   (no ring)
MR       .....     Clarity  +   (no ring)
Stlth    ++........             (no ring)
HPRegen  0.12/turn              (no ring)
MPRegen  0.09/turn              (no ring)
                                (no ring)
                                (no ring)

@: no status effects
A: almost no armour, stealthy swim, amphibious, 8 rings, constrict 8, camouflage
1, clarity, dopey 1, weak 1, gelatinous body 1
a: no special abilities


You were on level 3 of the Dungeon.
You were not hungry.

You visited 1 branch of the dungeon, and saw 3 of its levels.

You collected 127 gold pieces.

Inventory:

Hand Weapons
 a - a +0 war axe (weapon)
Armour
 b - a +0 kite shield (worn)
Scrolls
 h - a scroll of amnesia
 j - a scroll of blinking
Potions
 c - a potion of might
 g - a potion of heal wounds
 i - a potion of haste
 k - a potion of berserk rage
 m - a potion of lignification
Comestibles
 d - 6 rations
 f - 6 chunks of flesh


   Skills:
 + Level 4.2 Fighting
 + Level 4.5 Axes
 + Level 3.1 Dodging
 + Level 3.1 Shields


You had 4 spell levels left.
You didn't know any spells.
Your spell library was empty.

Dungeon Overview and Level Annotations

Branches:
Dungeon (3/15)

Altars:
Trog


Innate Abilities, Weirdness & Mutations

You cannot wear most types of armour.
You are very stealthy in the water. (Stealth+)
You are amphibious.
You can wear up to eight rings at the same time.
You can use your tentacles to constrict eight enemies at once.
Your skin changes colour to match your surroundings (Stealth+).
Your rubbery body absorbs attacks. (AC +1, EV +1)
You possess an exceptional clarity of mind.
You are dopey. (Int -2)
You are weak. (Str -2)


Message History

Some of the chunks of flesh in your inventory have rotted away.
You butcher the adder corpse.
f - 6 chunks of flesh (gained 2)
You see here an adder skeleton. x2
An orc comes into view.
It is wielding a +2 falchion of holy wrath.
An orc wizard comes into view. It is wielding a +0 dagger.
The orc wizard shouts!
You hear a shout! x2
An orc warrior comes into view. It is wielding a +0 war axe.
The orc shouts!
You hear a shout!
You block the orc wizard's attack.
The orc warrior throws a boomerang.
The boomerang hits you!
The weapon returns to the orc warrior!
You slash the orc wizard! Your grab misses the orc wizard.
Your squeeze misses the orc wizard.
The orc wizard is severely wounded.
The orc wizard gestures at you while chanting.
The magic dart hits you.
The orc warrior throws a boomerang.
The boomerang hits you!!
Ouch! That really hurt!
You die...

## ##. ##.###.# #.
##...#.## #. ###
#......# #. ..
.......#.## #.##.###
#####.###.# ###..o.o.
#.# ##. #....o.# #.#
## #....@.# ##'##
#......# ##...##
#.....## ##.....##
#......## ##.......##
###.#...####.........#
#....รท...'....)....'
#.#...####.........#
#.##.## ##.......## .
### ##.)...##


You could see an orc warrior, an orc wizard and an orc.

Vanquished Creatures
  A centaur (D:2)
  A gnoll (D:1)
  4 adders
  A dart slug (D:1)
  2 orcs (D:3)
  7 giant cockroaches
  7 goblins
  3 hobgoblins
  6 jackals (D:1)
  7 kobolds
  2 ball pythons
  7 bats
  2 frilled lizards (D:1)
  A leopard gecko skeleton (D:2)
  3 rats
54 creatures vanquished.

Notes
Turn   | Place    | Note
-------+----------+-------------------------------------------
     0 | D:1      | Ijustatesigmund the Octopode Fighter began the quest for
                  | the Orb.
     0 | D:1      | Reached XP level 1. HP: 16/16 MP: 1/1
    96 | D:1      | Reached XP level 2. HP: 21/21 MP: 2/2
   671 | D:1      | Reached XP level 3. HP: 26/26 MP: 3/3
  1659 | D:2      | Found a faded altar of an unknown god.
  1692 | D:2      | Reached XP level 4. HP: 33/33 MP: 4/4
  1778 | D:2      | Noticed a centaur
  1786 | D:2      | Killed a centaur
  1786 | D:2      | Reached XP level 5. HP: 17/37 MP: 5/5
  2168 | D:2      | Found a bloodstained altar of Trog.
  2302 | D:2      | Gained mutation: You are dopey. (Int -2) [potion of
                  | mutation]
  2302 | D:2      | Gained mutation: You are weak. (Str -2) [potion of
                  | mutation]
  2302 | D:2      | Gained mutation: You possess an exceptional clarity of
                  | mind. [potion of mutation]
  2931 | D:3      | Noticed an orc warrior
  2933 | D:3      | Hit by a boomerang thrown by an orc warrior

Illustrated notes

Levels and vault maps discovered:
D:1:      heliophobic_arrival_glass_houses, layout_basic, minmay_quantized
D:2:      layout_basic, old_standard_altar, chequers_ecumenical_altar_simple
D:3:      layout_loops_corners, tso_metal_star, nicolae_qazlal_general_emergency

Skill      XL: |  1  2  3  4 |
---------------+-------------+-----
Axes           | 3 4 |  4.5
Fighting       | 4 |  4.2
Dodging        | |  3.1
Shields        | |  3.1

Action                   |  1- 3 |  4- 6 || total
-------------------------+-------+-------++-------
Melee: War axe           |    64 |    34 ||    98
       Constrict         |    18 |    10 ||    28
       Tentacles         |     6 |     1 ||     7
  Use: Potion            |       |     2 ||     2
       Scroll            |       |    12 ||    12
 Stab: Sleeping          |     2 |     4 ||     6
  Eat: Chunk             |     2 |     4 ||     6
Armor: Skin              |     7 |     3 ||    10
Dodge: Dodged            |    34 |    12 ||    46
Block: Kite shield       |    30 |    15 ||    45
